 Dungeon Crawl Stone Soup version 0.30-a0-586-g23e55c9e0a (webtiles) character file.

Game seed: 16230106704000143018

58 Shayle the Conjurer (level 3, -7/28 HPs)
             Began as a Demonspawn Reaver on Jan 3, 2023.
             Mangled by a hobgoblin
             ... wielding a +0 flail
              (10 damage)
             ... on level 2 of the Dungeon.
             The game lasted 00:02:59 (1549 turns).

Shayle the Conjurer (Demonspawn Reaver)             Turns: 1549, Time: 00:02:59

Health: -7/28      AC:  3    Str: 12    XL:     3   Next: 76%
Magic:  6/6        EV: 11    Int: 18    God:
Gold:   58         SH:  0    Dex: 11    Spells: 5/6 levels left

rFire   . . .      SeeInvis .    a - +0 spear
rCold   . . .      Faith    .    (no shield)
rNeg    . . .      Spirit   .    b - +0 leather armour
rPois   .          Reflect  .    (no helmet)
rElec   .          Harm     .    (no cloak)
rCorr   .          Rampage  .    (no gloves)
Will    .....                    (no boots)
Stlth   +                        (no amulet)
HPRegen 0.24/turn                (no ring)
MPRegen 0.10/turn                (no ring)

@: no status effects
A: foul stench 1, big brain 1
a: no special abilities


You were on level 2 of the Dungeon.
You visited 1 branch of the dungeon, and saw 2 of its levels.

You collected 58 gold pieces.

Inventory:

Hand Weapons
 a - a +0 spear (weapon)
Missiles
 g - a throwing net (quivered)
Armour
 b - a +0 leather armour (worn)
Scrolls
 c - a scroll of enchant armour {unknown}
 d - 2 scrolls of teleportation {unknown}
 e - 3 scrolls of identify {unknown}
 f - 2 scrolls of enchant weapon {unknown}


   Skills:
 + Level 2.6 Fighting
 - Level 2.6 Polearms
 + Level 2.3 Dodging
 - Level 2.0 Spellcasting
 - Level 3.0 Conjurations
 + Level 1.7 Necromancy
 + Level 1.3 Earth Magic


You had 5 spell levels left.
You knew the following spells:

 Your Spells              Type           Power      Damage    Failure   Level
a - Kiss of Death         Conj/Necr      40%        2d8       9%          1

Your spell library contained the following spells:

 Spells                   Type           Power      Damage    Failure   Level
 Momentum Strike          Conj/Tloc      14%        3d8       19%         2
 Sting                    Tmut/Pois      4%         1d3       22%         1
 Poisonous Vapours        Pois/Air       2%         N/A       34%         2
 Hailstorm                Conj/Ice       7%         3d4       36%         3
 Olgreb's Toxic Radiance  Pois           1%         N/A       92%         4


Dungeon Overview and Level Annotations

Branches:
Dungeon (2/15)

Altars:


Innate Abilities, Weirdness & Mutations

You may rarely emit foul miasma when damaged in melee.
You have an unusually large brain. (Int +2)


Message History

The hobgoblin hits you with a +0 flail.
You barely miss the hobgoblin.
The hobgoblin is moderately wounded.
The hobgoblin barely misses you.
You barely miss the hobgoblin.
The hobgoblin is moderately wounded.
The hobgoblin barely misses you.
You barely miss the hobgoblin.
The hobgoblin is moderately wounded.
The hobgoblin hits you with a +0 flail!
You hit the hobgoblin but do no damage.
The hobgoblin is moderately wounded.
The hobgoblin hits you with a +0 flail.
You closely miss the hobgoblin.
The hobgoblin is moderately wounded.
The hobgoblin closely misses you.
You barely miss the hobgoblin.
The hobgoblin is moderately wounded.
The hobgoblin hits you with a +0 flail!
* * * LOW HITPOINT WARNING * * *
You hit the hobgoblin but do no damage.
The hobgoblin is moderately wounded.
The hobgoblin barely misses you.
You hit the hobgoblin.
The hobgoblin is severely wounded.
The hobgoblin barely misses you.
You hit the hobgoblin.
The hobgoblin is almost dead.
The hobgoblin hits you with a +0 flail.
* * * LOW HITPOINT WARNING * * *
You completely miss the hobgoblin.
The hobgoblin is almost dead.
The hobgoblin closely misses you.
You hit the hobgoblin but do no damage.
The hobgoblin is almost dead.
The hobgoblin barely misses you.
You hit the hobgoblin but do no damage.
The hobgoblin is almost dead.
The hobgoblin hits you with a +0 flail!
You die...

#.#......+......#####.#.#
#.#......######.# #.#.#
#.#......######.# #.#.#
#.#.#######.....# #.#.#
#...## #.....# #.#.#
###..######.....# #.#g#
#...........<.# #.#.###
#...###g.######### #....
#...# #.@.<....... #####
#...# #.#......... #...#
#.#..######. #...#
#.#...# #...# #.#..... ..
### #.### #.#######
#..###.. #.# #....
#....... #.#
#..##########.###.# #.#
#..)...............


You could see a hobgoblin.

Vanquished Creatures
  An adder (D:2)
  4 bats
  5 endoplasms
  3 giant cockroaches
  6 goblins
  2 hobgoblins
  9 jackals
  3 ball pythons
  2 frilled lizards (D:1)
  3 kobolds (D:1)
  2 rats
40 creatures vanquished.

Notes
Turn   | Place    | Note
-------+----------+-------------------------------------------
     0 | D:1      | Shayle the Demonspawn Reaver began the quest for the Orb.
     0 | D:1      | Reached XP level 1. HP: 16/16 MP: 3/3
   116 | D:1      | Gained mutation: You have an unusually large brain. (Int
                  | +2) [demonic ancestry]
   116 | D:1      | Reached XP level 2. HP: 15/22 MP: 5/5
   226 | D:1      | Reached skill level 1 in Necromancy
   226 | D:1      | Found a faded altar of an unknown god.
   548 | D:1      | Reached skill level 1 in Earth Magic
   690 | D:1      | Gained mutation: You may rarely emit foul miasma when
                  | damaged in melee. [demonic ancestry]
   690 | D:1      | Reached XP level 3. HP: 24/28 MP: 6/6
  1549 | D:2      | Mangled by a hobgoblin

Illustrated notes

Levels and vault maps discovered:
D:1:      lightli_arrival_windingriver, layout_rooms,
          hellmonk_ecumenical_altar_leap_of_faith, minmay_misc_feat_chi
D:2:      layout_basic

Skill      XL: |  1  2 |
---------------+-------+-----
Dodging        | 2 |  2.3
Necromancy     | 1 |  1.7
Earth Magic    | 1 |  1.3
Fighting       | |  2.6
Polearms       | |  2.6
Spellcasting   | |  2.0
Conjurations   | |  3.0

Action                   || total
-------------------------++-------
Melee: Spear             ||   187
       Punch             ||     4
Throw: Throwing net      ||     1
  Use: Potion            ||     1
Armor: Leather armour    ||    50
Dodge: Dodged            ||   117

Table legend: (Time is in decaauts)
 A = Elapsed time spent in this place.
 B = Non-inter-level travel time spent in this place.
 C = Inter-level travel time spent in this place.
 D = Time resting spent in this place.
 E = Time spent auto-exploring this place.
 F = Levels seen in this place.
 G = Mean time per level.
                   A        B        C        D        E       F      G
               +--------+--------+--------+--------+--------+-----+--------+
         Total |   1543 |   1509 |     34 |     98 |    933 |   2 |  771.5 |
       Dungeon |   1543 |   1509 |     34 |     98 |    933 |   2 |  771.5 |
               +--------+--------+--------+--------+--------+-----+--------+

Top non-repeatable levels by time:
     D:1: 803 daAuts
     D:2: 739 daAuts
